 Dungeon Crawl Stone Soup version 0.29-a0-378-gc08b2e8bf8 (webtiles) character file.

Game seed: 5891873752795072273

155 Hubjo the Magician (level 5, -2/31 HPs)
             Began as a Deep Elf Fire Elementalist on May 4, 2022.
             Slain by Grinder (4 damage)
             ... on level 3 of the Dungeon.
             The game lasted 00:03:49 (3431 turns).

Hubjo the Magician (Deep Elf Fire Elementalist)     Turns: 3431, Time: 00:03:49

Health: -2/31      AC:  3    Str:  7    XL:     5   Next: 14%
Magic:  10/13      EV: 12    Int: 20    God:
Gold:   61         SH:  0    Dex: 15    Spells: 11/12 levels left

rFire   . . .      SeeInvis +   i - +0 dagger
rCold   . . .      Faith    .   (no shield)
rNeg    . . .      Spirit   .   a - +0 robe
rPois   .          Reflect  .   (no helmet)
rElec   .          Harm     .   (no cloak)
rCorr   .          Rampage  .   g - +0 pair of gloves
Will    .....                   (no boots)
Stlth   +++.......              (no amulet)
HPRegen 0.10/turn               (no ring)
MPRegen 0.13/turn               (no ring)

@: about to teleport, unable to read
A: see invisible, inability to read while threatened
a: no special abilities


You were on level 3 of the Dungeon.
You visited 1 branch of the dungeon, and saw 3 of its levels.

You collected 61 gold pieces.

Inventory:

Hand Weapons
 i - a +0 dagger (weapon)
Armour
 a - a +0 robe (worn)
 g - a +0 pair of gloves (worn)
Wands
 m - a wand of polymorph (4)
Scrolls
 d - a scroll of enchant weapon {unknown}
 e - a scroll of identify {unknown}
 f - a scroll of summoning {unknown}
 j - a scroll of teleportation
 k - a scroll of enchant armour {unknown}
Potions
 b - a potion of magic
 c - a potion of degeneration {unknown}
 h - 2 potions of mutation
 l - a potion of heal wounds {unknown}
 n - a potion of curing {unknown}


   Skills:
 * Level 2.3 Fighting
 - Level 2.4 Dodging
 + Level 3.8 Stealth
 + Level 4.2 Spellcasting
 - Level 1.1 Conjurations
 + Level 4.0 Fire Magic


You had 11 spell levels left.
You knew the following spells:

 Your Spells              Type           Power      Damage    Failure   Level
a - Foxfire               Conj/Fire      56%        2x1d6     4%          1

Your spell library contained the following spells:

 Spells                   Type           Power      Damage    Failure   Level
 Scorch                   Fire           40%        2d7       3%          2
 Conjure Flame            Conj/Fire      14%        6-21      13%         3
 Inner Flame              Hex/Fire       12%        N/A       16%         3
 Call Canine Familiar     Summ           4%         N/A       36%         3
 Portal Projectile        Hex/Tloc       8%         N/A       36%         3
 Flame Wave               Conj/Fire      14%        2d6       41%         4
 Leda's Liquefaction      Hex/Erth       2%         N/A       77%         4


Dungeon Overview and Level Annotations

Branches:
Dungeon (3/15)

Altars:

Annotations:
D:3 Grinder


Innate Abilities, Weirdness & Mutations

You have supernaturally acute eyesight. (SInv)
You sometimes lose the ability to read scrolls when taking damage.


Message History

The giant cockroach is almost dead.
The giant cockroach closely misses you.
You closely miss the giant cockroach.
The giant cockroach is severely wounded.
The giant cockroach bites you.
You hit the giant cockroach.
The giant cockroach is almost dead.
The giant cockroach barely misses you.
The giant cockroach bites you but does no damage.
You hit the giant cockroach but do no damage.
The giant cockroach is severely wounded.
The giant cockroach bites you.
You hit the giant cockroach.
You kill the giant cockroach!
Grinder gestures at you.
You suddenly lose the ability to move!
The frilled lizard bites you. Grinder hits you.
You writhe in agony.
The frilled lizard bites you but does no damage.
Grinder gestures at you.
You shrug off the repeated paralysis!
The frilled lizard bites you. Grinder gestures at you.
You shrug off the repeated paralysis!
The frilled lizard bites you. Grinder hits you.
You writhe in agony.
* * * LOW HITPOINT WARNING * * *
You can move again.
As you read the scroll of teleportation, it crumbles to dust.
You feel strangely unstable. The frilled lizard barely misses you.
Grinder says, "There's only one good use for a tongue: cutting it out."
Grinder barely misses you.
It was a potion of mutation.
You feel extremely strange.
You feel the urge to shout.
You lose the ability to read scrolls when threatened.
Your urge to shout disappears.
Your vision sharpens.
The frilled lizard bites you but does no damage.
Grinder hits you.
You feel threatened and lose the ability to read scrolls!
* * * LOW HITPOINT WARNING * * *
You writhe in agony.
You die...

#..# l.. #..
..# ... #..
§.. ..# #.#
#.# #.# #.#
#.# #.#
#.########<#
#.5@l......#
#######.##.#
##≈##§#
#≈≈≈#.#
#≈≈≈#.#
##≈##..
#≈#### #≈#
#≈#


You could see Grinder and a frilled lizard.

Vanquished Creatures
  Natasha (thrice) (D:2)
  3 adders (D:2)
  5 bats
  6 endoplasms
  2 giant cockroaches (D:3)
  3 goblins
  5 hobgoblins
  5 jackals
  2 quokkas (D:1)
  4 ball pythons
  3 frilled lizards (D:1)
  5 kobolds
  9 rats
55 creatures vanquished.

Vanquished Creatures (others)
  251 foxfires
251 creatures vanquished.

Grand Total: 306 creatures vanquished

Notes
Turn   | Place    | Note
-------+----------+-------------------------------------------
     0 | D:1      | Hubjo the Deep Elf Fire Elementalist began the quest for
                  | the Orb.
     0 | D:1      | Reached XP level 1. HP: 10/10 MP: 6/6
   355 | D:1      | Reached XP level 2. HP: 14/16 MP: 2/8
   682 | D:1      | Reached skill level 1 in Fighting
  1472 | D:1      | Reached XP level 3. HP: 20/20 MP: 3/9
  2921 | D:2      | Noticed Natasha
  2927 | D:2      | Killed Natasha
  2928 | D:2      | Reached XP level 4. HP: 26/26 MP: 7/11
  3043 | D:2      | Noticed Natasha
  3056 | D:2      | Killed Natasha
  3063 | D:2      | Noticed Natasha
  3072 | D:2      | Killed Natasha
  3156 | D:2      | Reached XP level 5. HP: 27/31 MP: 7/13
  3321 | D:2      | Found a faded altar of an unknown god.
  3408 | D:3      | Noticed Grinder
  3425 | D:3      | Paralysed by Grinder for 5 turns
  3431 | D:3      | Gained mutation: You occasionally shout uncontrollably at
                  | your foes. [potion of mutation]
  3431 | D:3      | Gained mutation: You sometimes lose the ability to read
                  | scrolls when taking damage. [potion of mutation]
  3431 | D:3      | Lost mutation: You occasionally shout uncontrollably at
                  | your foes. [potion of mutation]
  3431 | D:3      | Gained mutation: You have supernaturally acute eyesight.
                  | (SInv) [potion of mutation]
  3431 | D:3      | Slain by Grinder

Illustrated notes

Levels and vault maps discovered:
D:1:      amcnicky_arrival_abandoned_market, layout_loops_ring, serial_rivers,
          chequers_serial_rivers_micro_e, chequers_serial_rivers_marsh,
          chequers_serial_rivers_small_b, chequers_serial_rivers_micro_b,
          chequers_serial_rivers_small_a
D:2:      layout_basic, shapermc_ecumenical_altar_mp_highgroup,
          kennysheep_generic_room_12, uniq_natasha
D:3:      layout_loops_ring, dk_yredelemnul_ordeal,
          ashenzari_conservatory_becter,
          nicolae_uskayaw_murder_on_the_dancefloor, gup_sewer_entry_bubbles,
          uniq_grinder, uniq_sigmund

Skill      XL: |  1  2  3  4 |
---------------+-------------+-----
Fighting       | 1 2 |  2.3
Stealth        | 3 |  3.8
Spellcasting   | 4 |  4.2
Fire Magic     | 4 |  4.0
Dodging        | |  2.4
Conjurations   | |  1.1

Action                   |  1- 3 |  4- 6 || total
-------------------------+-------+-------++-------
Melee: Unarmed           |     1 |     2 ||     3
       Dagger            |    34 |     6 ||    40
 Cast: Foxfire           |   145 |    35 ||   180
  Use: Scroll            |       |     2 ||     2
       Potion            |       |     1 ||     1
Armor: Robe              |    17 |     6 ||    23
       Skin              |       |     1 ||     1
Dodge: Dodged            |    47 |    10 ||    57

Table legend: (Time is in decaauts)
 A = Elapsed time spent in this place.
 B = Non-inter-level travel time spent in this place.
 C = Inter-level travel time spent in this place.
 D = Time resting spent in this place.
 E = Time spent auto-exploring this place.
 F = Levels seen in this place.
 G = Mean time per level.
                   A        B        C        D        E       F      G
               +--------+--------+--------+--------+--------+-----+--------+
         Total |   3442 |   3370 |     72 |     66 |   2878 |   3 | 1147.3 |
       Dungeon |   3442 |   3370 |     72 |     66 |   2878 |   3 | 1147.3 |
               +--------+--------+--------+--------+--------+-----+--------+

Top non-repeatable levels by time:
     D:1: 2270 daAuts
     D:2: 1087 daAuts
     D:3: 84 daAuts
